 Dungeon Crawl Stone Soup version 0.31-a0-204-g7da18cac08 (webtiles) character file.

Game seed: 13793307717796411774

72 qw the Shooter (level 4, 0/25 HPs)
             Began as a Deep Elf Hunter on June 27, 2023.
             Killed from afar by an orc wizard (7 damage)
             ... with a magic dart
             ... on level 3 of the Dungeon.
             The game lasted 00:00:42 (2167 turns).

qw the Shooter (Deep Elf Hunter)                    Turns: 2167, Time: 00:00:43

Health: 0/25       AC:  6    Str: 14    XL:     4   Next: 6%
Magic:  6/6        EV: 11    Int: 13    God:
Gold:   44         SH:  0    Dex: 17    Spells: 3/3 levels left

rFire   . . .        Y - +0 arbalest
rCold   . . .        (shield currently unavailable)
rNeg    . . .        h - +0 ring mail
rPois   .            (no helmet)
rElec   .            (no cloak)
rCorr   .            (no gloves)
SInv    .            f - +0 pair of boots
Will    .....        (no amulet)
Stlth   +            (no ring)
HPRegen 0.24/turn    (no ring)
MPRegen 0.10/turn

%: no passive effects
@: no status effects
A: strong 1, MP-powered wands
a: no special abilities


You were on level 3 of the Dungeon.
You visited 1 branch of the dungeon, and saw 3 of its levels.

You collected 143 gold pieces.
You spent 99 gold pieces at shops.


Innate Abilities, Weirdness & Mutations

Your muscles are strong. (Str +4, Int/Dex -1)
You expend magic power (3 MP) to strengthen your wands.


   Skills:
 - Level 1.5 Fighting
 + Level 7.5 Ranged Weapons
 - Level 2.4 Dodging
 - Level 1.2 Stealth


You had 3 spell levels left.
You didn't know any spells.
Your spell library was empty.

Inventory:

Hand Weapons
 Y - a +0 arbalest (weapon)
Armour
 f - a +0 pair of boots (worn)
 h - a +0 ring mail (worn)
Scrolls
 a - 2 scrolls of identify
Potions
 b - a potion of mutation
 d - a potion of heal wounds {unknown}
 g - a potion of lignification {unknown}
 i - a potion of magic {unknown}

Dungeon Overview and Level Annotations

Branches:
Dungeon (3/15)

Altars:

Shops:
D:2 (


Message History

The magic dart hits you.
You shoot a bolt.
You hear some strange, mumbled words.
You are confused.
You shoot a bolt. You shoot a bolt.
You hear some strange, mumbled words.
A puff of flame appears from out of thin air!
The puff of flame hits you.
You shoot a bolt. Something hits you but does no damage.
You shoot a bolt.
Something hits you but does no damage. x2
You shoot a bolt.
You feel less confused. Something hits you.
Something hits you but does no damage.
You shoot a bolt. Something hits you. x2
You shoot a bolt. Something hits you.
You shoot a bolt.
You hear some strange, mumbled words.
You are confused.
Something hits you.
You shoot a bolt. Something hits you.
You shoot a bolt. Something hits you. x2
You shoot a bolt.
Something hits you but does no damage. x2
You shoot a bolt.
You feel less confused. Something hits you.
You shoot a bolt. Something hits you but does no damage. Something hits you.
You shoot a bolt.
You hear some strange, mumbled words.
A magic dart appears from out of thin air!
The magic dart hits you!
You die...

#.#####.#.####....#..
#.#.....#............
#.#.#....#####....#.. #
#....................
#.#.#<#....############
.#......................
#....)........#########..
#.>.................# #..
#...#.#.@.....#####.###..
#...#.#{####### #..####
#.. #.#.# ##.##.. ..
#.... #..#.. ..) ##.#..
.).) #.### ..... #..##
#.#... ###... .........


There were no monsters in sight!

Vanquished Creatures
  An adder (D:2)
  2 dart slugs (D:1)
  4 orcs (D:3)
  4 ball pythons
  3 endoplasms (D:1)
  5 giant cockroaches
  6 goblins
  5 hobgoblins
  4 quokkas
  5 bats
  3 frilled lizards
  5 kobolds
  2 rats (D:1)
49 creatures vanquished.

Notes
Turn   | Place    | Note
-------+----------+-------------------------------------------
     0 | D:1      | qw the Deep Elf Hunter began the quest for the Orb.
     0 | D:1      | Reached XP level 1. HP: 12/12 MP: 3/3
     0 | D:1      | 0 ||| qw: Version: 0.3-a-22-g0ed2b0b
     0 | D:1      | 0 ||| qw: Game counter: 6554
     0 | D:1      | 0 ||| qw: Melee chars always use a shield: true
     0 | D:1      | 0 ||| qw: God list: Okawaru
     0 | D:1      | 0 ||| qw: Allow faded altars: false
     0 | D:1      | 0 ||| qw: Do Orc after clearing Dungeon:15 true
     0 | D:1      | 0 ||| qw: Do second Lair branch before Depths: true
     0 | D:1      | 0 ||| qw: Lair rune preference: random
     0 | D:1      | 0 ||| qw: Goals: Normal
     0 | D:1      | 0 ||| PLANNING D:1-11
    76 | D:1      | Reached skill level 6 in Ranged Weapons
    76 | D:1      | Reached XP level 2. HP: 16/16 MP: 4/4
   808 | D:1      | Reached XP level 3. HP: 20/20 MP: 5/5
   841 | D:1      | 841 ||| FLEEEEING.
   842 | D:1      | 842 ||| FLEEEEING.
   843 | D:1      | 843 ||| FLEEEEING.
   844 | D:1      | 844 ||| FLEEEEING.
  1116 | D:1      | 1116 ||| UPGRADING to +0 pair of boots.
  1121 | D:1      | 1121 ||| UPGRADING to +0 ring mail.
  1131 | D:1      | 1131 ||| DROPPING +0 leather armour.
  1132 | D:1      | 1132 ||| READING scroll labelled HAABOW SOUGH.
  1133 | D:1      | 1133 ||| READING scroll labelled NOAWIOTW VEACH.
  1134 | D:1      | 1134 ||| READING scroll labelled OKEOPP KYW UMUKUPN.
  1135 | D:1      | 1135 ||| DROPPING scroll of butterflies.
  1295 | D:2      | Reached skill level 7 in Ranged Weapons
  1563 | D:2      | Found a faded altar of an unknown god.
  1616 | D:2      | Found Zeekk's Antique Weapon Shoppe.
  1637 | D:2      | 1637 ||| BUYING arbalest (99 gold).
  1637 | D:2      | Bought an arbalest for 99 gold pieces
  1637 | D:2      | 1637 ||| SWAPPING to +0 arbalest.
  1638 | D:2      | 1638 ||| DROPPING +0 heavy shortbow.
  1740 | D:2      | 1740 ||| READING scroll labelled UNLUACIEHU.
  1741 | D:2      | 1741 ||| READING scroll labelled PANWUC WOCO.
  1742 | D:2      | 1742 ||| READING scroll labelled BAOWKU NUGGO.
  1743 | D:2      | 1743 ||| DRINKING 2 fuming cyan potions.
  1743 | D:2      | Gained mutation: Your muscles are strong. (Str +4, Int/Dex
                  | -1) [potion of mutation]
  1743 | D:2      | Gained mutation: You expend magic power (3 MP) to
                  | strengthen your wands. [potion of mutation]
  1745 | D:2      | 1745 ||| Stepping ~*~*~tactically~*~*~ (cloud).
  1748 | D:2      | HP: 5/20 [poisoned by you (poison gas)]
  2150 | D:3      | Reached XP level 4. HP: 25/25 MP: 6/6
  2166 | D:3      | HP: 6/25 [something (1)]
  2167 | D:3      | Killed from afar by an orc wizard

Levels and vault maps discovered:
D:1:      enne_arrival_octagon_isle, layout_basic
D:2:      minmay_door_path, layout_rooms, serial_shops, nicolae_shop_waterfront,
          basic_ecumenical_altar
D:3:      layout_basic, grunt_gozag_breadcrumbs, chequers_serial_rivers_micro_c,
          uniq_terence, uniq_natasha

Skill      XL: |  1  2  3 |
---------------+----------+-----
Ranged Weapons | 6 7 |  7.5
Fighting       | |  1.5
Dodging        | |  2.4
Stealth        | |  1.2

Action                     |  1- 3 |  4- 6 || total
---------------------------+-------+-------++-------
   Fire: Shortbow          |   108 |       ||   108
         Arbalest          |    16 |    18 ||    34
    Use: Scroll            |     6 |       ||     6
         Potion            |     1 |       ||     1
 Armour: Leather armour    |    12 |       ||    12
         Ring mail         |     9 |     7 ||    16
  Dodge: Dodged            |    33 |       ||    33

Table legend:
 A = Non-vault XP
 B = Vault XP
 C = Vault XP percentage of total XP
 D = Non-vault monster count
 E = Vault monster count
 F = Vault count percentage of total count
                 A         B        C        D         E       F
            +---------+---------+-------+---------+---------+-------
      Total |     101 |       2 |   1.9 |      48 |       1 |   2.0
            +---------+---------+-------+---------+---------+-------
        D:1 |      51 |       0 |   0.0 |      27 |       0 |   0.0
        D:2 |      32 |       2 |   5.9 |      13 |       1 |   7.1
        D:3 |      18 |       0 |   0.0 |       8 |       0 |   0.0
            +---------+---------+-------+---------+---------+-------
